 Dungeon Crawl Stone Soup version 0.30-a0-368-g86fb4627a9 (webtiles) character file.

Game seed: 1501504048962503363

232 illnessss the Chopper (level 5, -1/47 HPs)
             Began as a Minotaur Berserker on Nov 20, 2022.
             Was a Priest of Trog.
             Slain by an ice beast (14 damage)
             ... on level 6 of the Dungeon.
             The game lasted 00:16:39 (2123 turns).

illnessss the Chopper (Minotaur Berserker)          Turns: 2123, Time: 00:16:39

Health: -1/47      AC:  6    Str: 24    XL:     5   Next: 73%
Magic:  4/4        EV: 12    Int:  4    God:    Trog [***...]
Gold:   143        SH:  5    Dex:  9    Spells: 4/4 levels left

rFire   . . .      SeeInvis .    a - +0 hand axe
rCold   . . .      Faith    .    (no shield)
rNeg    . . .      Spirit   .    e - +0 leather armour
rPois   .          Reflect  +    (helmet restricted)
rElec   .          Harm     .    (no cloak)
rCorr   .          Rampage  .    (no gloves)
Will    .....                    j - +2 pair of boots
Stlth   +.........               q - amulet of reflection
HPRegen 0.27/turn                (no ring)
MPRegen 0.09/turn                (no ring)

@: studying Ranged Weapons
A: horns 2, retaliatory headbutt
a: Renounce Religion, Berserk, Trog's Hand


You were on level 6 of the Dungeon.
You worshipped Trog.
Trog was most pleased with you.
You visited 1 branch of the dungeon, and saw 4 of its levels.

You collected 143 gold pieces.

Inventory:

Hand Weapons
 a - a +0 hand axe (weapon)
 d - a +2 dagger of pain
 g - a +0 sling
 s - a +2 vorpal sling
Missiles
 p - 12 poisoned darts (quivered)
Armour
 b - a +0 animal skin
 e - a +0 leather armour (worn)
 h - a +0 leather armour
 j - a +2 pair of boots (worn)
Jewellery
 q - an amulet of reflection (around neck)
Wands
 n - a wand of flame (19)
Scrolls
 k - 3 scrolls of identify {unknown}
 l - a scroll of teleportation {unknown}
 m - a scroll of vulnerability {unknown}
 o - a scroll of fog {unknown}
 r - a scroll of fear {unknown}
Potions
 c - 2 potions of mutation {unknown}
 f - a potion of magic {unknown}
 i - a potion of flight {unknown}


   Skills:
 + Level 4.9 Fighting
 + Level 5.8 Axes
 + Level 3.4 Armour
 + Level 3.3 Dodging
 + Level 0.2 Stealth
 + Level 0.6 Shields


You had 4 spell levels left.
You didn't know any spells.
Your spell library contained the following spells:

 Spells                   Type           Power      Damage    Failure   Level
 Portal Projectile        Hex/Tloc       0%         N/A       88%         3
 Tukima's Dance           Hex            0%         N/A       88%         3
 Alistair's Intoxication  Tmut/Pois      0%         N/A       100%        5
 Blade Hands              Tmut           0%         N/A       100%        5
 Yara's Violent Unravell  Hex/Tmut       0%         3d3       100%        5
 Enfeeble                 Hex            0%         N/A       100%        7
 Summon Hydra             Summ           0%         N/A       100%        7


Dungeon Overview and Level Annotations

Branches:
Dungeon (3/15)

Altars:

Shops:
D:3 (


Innate Abilities, Weirdness & Mutations

You have a pair of horns on your head.
You reflexively headbutt those who attack you in melee.


Message History

The shaft crumbles and collapses.
Found a fuming blue potion.
An ice beast comes into view.
You closely miss the ice beast. The ice beast completely misses you.
You furiously retaliate!
You headbutt the ice beast.
Unknown command.
Unknown command.
You closely miss the ice beast.
The ice beast is lightly wounded.
The ice beast hits you but does no damage.
You slash the ice beast! Your headbutt misses the ice beast.
The ice beast is moderately wounded.
The ice beast hits you but does no damage.
You barely miss the ice beast.
The ice beast is moderately wounded.
The ice beast closely misses you.
You barely miss the ice beast.
The ice beast is moderately wounded.
The ice beast hits you. The ice beast freezes you!
You barely miss the ice beast.
The ice beast is moderately wounded.
The ice beast hits you. The ice beast freezes you! The ice beast hits you.
The ice beast freezes you!
* * * LOW HITPOINT WARNING * * *
The ice beast attacks as you move away! The ice beast barely misses you.
Found 16 gold pieces.
Found a stone staircase leading down.
You see here a fuming blue potion.
The ice beast hits you but does no damage.
The ice beast attacks as you move away! The ice beast barely misses you.
You see here 16 gold pieces.
The ice beast barely misses you. The ice beast attacks as you move away!
The ice beast hits you but does no damage.
You block the ice beast's attack. The ice beast barely misses you.
There is a stone staircase leading down here.
You open the door. The ice beast hits you.
* * * LOW HITPOINT WARNING * * *
The ice beast freezes you!
You die...

#.#.# #.#..
#...###.#.#
###...!.#.#
#.##..#.# #
#.##..#.#
.#
#.##$.#.#
..#
#.###...#
...# ..#
#..Y#....#
###
#.#@'....#
...###....#
......
.....
#######
####


You could see an ice beast.

Vanquished Creatures
  Jessica (D:3)
  Robin (D:2)
  7 gnolls (D:3)
  4 adders
  A worm (D:2)
  2 dart slugs
  3 orcs (D:3)
  5 endoplasms
  A giant cockroach (D:2)
  7 goblins
  8 hobgoblins
  11 jackals
  5 quokkas
  7 ball pythons
  9 bats
  3 frilled lizards (D:1)
  4 kobolds
  4 rats
83 creatures vanquished.

Notes
Turn   | Place    | Note
-------+----------+-------------------------------------------
     0 | D:1      | illnessss the Minotaur Berserker began the quest for the
                  | Orb.
     0 | D:1      | Reached XP level 1. HP: 19/19 MP: 0/0
    91 | D:1      | Reached skill level 4 in Axes
   127 | D:1      | Reached XP level 2. HP: 27/27 MP: 1/1
   283 | D:1      | Reached ** piety under Trog
   437 | D:2      | Reached XP level 3. HP: 31/33 MP: 2/2
   882 | D:2      | Noticed Robin
   886 | D:2      | Reached XP level 4. HP: 37/41 MP: 3/3
   891 | D:2      | Reached skill level 5 in Axes
   898 | D:2      | Killed Robin
   998 | D:2      | Reached *** piety under Trog
  1369 | D:3      | Got the Textbook on the Stinger and Illusion
  1438 | D:3      | Reached XP level 5. HP: 6/46 MP: 4/4
  1640 | D:3      | Found Feseovische's Weapon Shoppe.
  1962 | D:3      | Noticed Jessica
  1966 | D:3      | Killed Jessica
  2098 | D:3      | You fall into a shaft and drop 3 floors!
  2100 | D:6      | Noticed an ice beast
  2123 | D:6      | Slain by an ice beast

Illustrated notes

Levels and vault maps discovered:
D:1:      lightli_arrival_chessboard, layout_loops_ring
D:2:      minmay_chambers_of_ones, layout_basic, uniq_robin
D:3:      layout_basic, serial_shops, nicolae_shop_bloodbath_and_beyond,
          chequers_serial_rivers_micro_b, uniq_jessica
D:6:      layout_basic, grunt_temple_overflow_magic_moments,
          mainiacjoe_overflow_alcove_2, minmay_temple_entry_offerings,
          uniq_duvessa

Skill      XL: |  1  2  3  4 |
---------------+-------------+-----
Axes           | 4 5 |  5.8
Fighting       | 4 |  4.9
Dodging        | 3 |  3.3
Armour         | 3 |  3.4
Stealth        | |  0.2
Shields        | |  0.6

Action                   |  1- 3 |  4- 6 || total
-------------------------+-------+-------++-------
Melee: Hand axe          |    86 |    77 ||   163
       Headbutt          |    13 |    12 ||    25
  Use: Scroll            |     1 |     1 ||     2
       Potion            |       |     2 ||     2
Armor: Animal skin       |     3 |       ||     3
       Leather armour    |    26 |    35 ||    61
Dodge: Dodged            |    82 |    51 ||   133
Block: Other             |       |    26 ||    26
       Reflection        |       |     1 ||     1

Table legend: (Time is in decaauts)
 A = Elapsed time spent in this place.
 B = Non-inter-level travel time spent in this place.
 C = Inter-level travel time spent in this place.
 D = Time resting spent in this place.
 E = Time spent auto-exploring this place.
 F = Levels seen in this place.
 G = Mean time per level.
                   A        B        C        D        E       F      G
               +--------+--------+--------+--------+--------+-----+--------+
         Total |   2134 |   2039 |     95 |      0 |    728 |   4 |  533.5 |
       Dungeon |   2134 |   2039 |     95 |      0 |    728 |   4 |  533.5 |
               +--------+--------+--------+--------+--------+-----+--------+

Top non-repeatable levels by time:
     D:2: 960 daAuts
     D:3: 773 daAuts
     D:1: 375 daAuts
     D:6: 24 daAuts
